 Dungeon Crawl Stone Soup version 0.18.1-8-gdd0e5ea (webtiles) character file.

15301 Krapule the Grappler (level 12, -21/183 HPs)
             Began as a Troll Hunter on June 11, 2016.
             Was the Champion of Cheibriados.
             Demolished by an orc warrior
             ... wielding a +2 vampiric trident
              (24 damage)
             ... on level 1 of the Orcish Mines.
             The game lasted 00:40:54 (9820 turns).

Krapule the Grappler (Troll Hunter)                 Turns: 9820, Time: 00:40:55

Health: -21/183    AC: 26    Str: 38    XL:     12   Next: 0%
Magic:  16/16      EV:  1    Int: 22    God:    Cheibriados [******]
Gold:   915        SH:  6    Dex: 29    Spells: 0 memorised, 11 levels left

rFire  . . .     SeeInvis .       - Unarmed
rCold  . . .     Gourm    +     (armour currently unavailable)
rNeg   + + +     Faith    .     (no shield)
rPois  +         Spirit   .     (helmet currently unavailable)
rElec  .         Dismiss  .     (cloak currently unavailable)
rCorr  .         Reflect  +     (gloves unavailable)
SustAt .         Harm     .     (boots unavailable)
MR     .....     NoTele   +     Q - +6 amulet of reflection
Stlth  +++.......               (no ring)
                                (no ring)

@: tree-form, very slow, not resistant to hostile enchantments, fairly stealthy
A: unfitting armour, (claws 0), fast metabolism 3, gourmand, regeneration 2,
(shaggy fur 0), (tough skin 0)
a: Bend Time, Temporal Distortion, Slouch, Step From Time, Renounce Religion


You were on level 1 of the Orcish Mines.
You worshipped Cheibriados.
Cheibriados was exalted by your worship.
You were completely stuffed.
You were a tree.
You visited 3 branches of the dungeon, and saw 13 of its levels.

You collected 1215 gold pieces.
You spent 300 gold pieces at shops.

Inventory:

Missiles
 c - 5 large rocks (quivered)
 d - 2 throwing nets
Armour
 e - a +2 robe of magic resistance (melded)
 i - a +0 cloak (melded)
 F - a +2 robe of positive energy
Jewellery
 h - an uncursed amulet of magic regeneration
 M - an uncursed amulet of guardian spirit
 Q - a +6 amulet of reflection (around neck)
Wands
 a - a wand of teleportation (4/9)
 w - a wand of disintegration (6/24)
 H - a wand of lightning (9/15)
 O - a wand of acid (0/15)
Scrolls
 j - 5 scrolls of identify
 l - a scroll of blinking
 p - 3 scrolls of teleportation
 u - 6 scrolls of remove curse
 v - a scroll of enchant weapon
 A - 2 scrolls of enchant armour
Potions
 k - 2 potions of invisibility
 s - 4 potions of curing
 z - 4 potions of heal wounds
 B - 3 potions of might
 C - a potion of ambrosia {unknown}
 D - a potion of magic
 E - a potion of beneficial mutation {unknown}
 I - a potion of degeneration {unknown}
 J - a potion of cure mutation {unknown}
 K - 2 potions of lignification
 N - 2 potions of flight
 P - 5 potions of brilliance
Books
 b - a book of Death

   Spells                             Type                      Level
   a - Corpse Rot                     Necromancy                   2
   b - Sublimation of Blood           Necromancy                   2
   c - Agony                          Necromancy                   5
   d - Dispel Undead                  Necromancy                   5
   e - Excruciating Wounds            Charms/Necromancy            5
   f - Bolt of Draining               Conjuration/Necromancy       5
 m - a Grand Grimoire

   Spells                             Type                      Level
   a - Monstrous Menagerie            Summoning                    7
   b - Summon Greater Demon           Summoning                    7
   c - Malign Gateway                 Summoning/Translocation      7
   d - Summon Horrible Things         Summoning                    8
 r - a book of Minor Magic

   Spells                             Type                      Level
   a - Magic Dart                     Conjuration                  1
   b - Blink                          Translocation                2
   c - Call Imp                       Summoning                    2
   d - Repel Missiles                 Charms/Air                   2
   e - Slow                           Hexes                        2
   f - Conjure Flame                  Conjuration/Fire             3
   g - Mephitic Cloud                 Conjuration/Poison/Air       3
 y - a book of Flames

   Spells                             Type                      Level
   a - Flame Tongue                   Conjuration/Fire             1
   b - Throw Flame                    Conjuration/Fire             2
   c - Conjure Flame                  Conjuration/Fire             3
   d - Inner Flame                    Hexes/Fire                   3
   e - Sticky Flame                   Conjuration/Fire             4
   f - Fireball                       Conjuration/Fire             5
Comestibles
 f - 7 bread rations
 g - 10 royal jellies
 n - 9 meat rations
 q - 2 slices of pizza
 t - 10 fruits
 x - 3 beef jerkies
 G - 8 chunks of flesh


   Skills:
 + Level 8.7 Fighting
 - Level 5.0 Throwing
 + Level 8.8 Dodging
 - Level 0.4 Stealth
 + Level 9.8 Unarmed Combat
 + Level 7.7 Invocations


You had 11 spell levels left.
You didn't know any spells.

Dungeon Overview and Level Annotations

Branches:
Dungeon (10/15)            Temple (1/1) D:4            Lair (0/8) D:9
    Orc (2/2) D:9
    Elf: Orc:2

Altars:
Ashenzari
Cheibriados
Dithmenos
Elyvilon
Fedhas
Gozag
Kikubaaqudgha
Makhleb
Nemelex Xobeh
Okawaru
Pakellas
Qazlal
Ru
Sif Muna
Trog
Vehumet
Xom
Yredelemnul
Zin
The Shining One
Beogh

Shops:
D:6 (   D:7 (=*   D:8 =

Annotations:
D:6 1 runed door


Innate Abilities, Weirdness & Mutations

You are too large for most types of armour.
((You have claws for hands.))
Your metabolism is lightning-fast.
You like to eat raw meat.
You heal very quickly.
((You are covered in fur (AC +1).))
((You have very tough skin (AC +2).))


Message History

The orc warrior hits you but does no damage.
The orc warrior hits you with a mace!
* * * LOW HITPOINT WARNING * * *
The orc hits you but does no damage.
You pummel the orc knight!!
You kill the orc knight!
Cheibriados appreciates the change of pace.
You have reached level 12!
Your experience leads to an increase in your attributes!
Your base attributes are Str 22, Int 7, Dex 13.
Increase (S)trength, (I)ntelligence, or (D)exterity?
You feel agile.
You feel stronger.
The orc warrior hits you with a halberd!
* * * LOW HITPOINT WARNING * * *
The orc warrior hits you with a mace!
* * * LOW HITPOINT WARNING * * *
The orc warrior hits you with a long sword!
* * * LOW HITPOINT WARNING * * *
The orc warrior hits you with a vampiric trident!!
You die...

## #.....####.....#.....###. ##
##.....##)##........## ## .#
#######...............###### ##
##..#####.........##..#.##..# #
#....##.#..........#......... ##
#....#....[[..........#.....#
.####.....#....[[..........#.####
#.#........#...oo)............#
...............o♣o.....#.....##
#...#..........ooo..#.......##
#.........................###
...#....#.#..............##
#.###.#.####.#......#...## ###
##...# ##.......###### ##.##
#...#..##....## ###
##.##.........# ####..##....##


You could see 6 orc warriors and an orc.

Vanquished Creatures
  Josephine (Orc:1)
  Erolcha (D:8)
  Erica (Orc:1)
  The ghost of Typee the Thaumaturge, a novice OpWz of Sif Muna (D:9)
  An orc high priest (Orc:1)
  A hill giant (D:10)
  Pikel (D:4)
  An orc knight (Orc:1)
  2 orc sorcerers (Orc:1)
  Psyche (D:8)
  Grinder (D:6)
  2 polar bears (D:10)
  Sigmund (D:2)
  A wraith (Orc:1)
  3 yaks (D:9)
  3 humans (D:10)
  3 fire bats (Orc:1)
  A hungry ghost (D:10)
  2 vampire mosquitoes (D:10)
  2 wargs (Orc:1)
  2 soldier ants (D:8)
  A water moccasin (D:9)
  Duvessa (D:6)
  5 orc warriors
  4 wasps
  2 sky beasts
  4 slaves (D:4)
  4 ice beasts
  3 phantoms
  A black bear (D:10)
  14 ogres
  5 centaurs
  3 big kobolds
  5 giant frogs
  Blork the orc (D:5)
  Dowan (D:6)
  A wyvern zombie (D:8)
  A scorpion (D:6)
  A wyvern skeleton (D:9)
  A killer bee (D:8)
  4 wights (D:10)
  2 howler monkeys (D:9)
  An electric eel (D:6)
  8 crimson imps
  A giant frog zombie (D:6)
  A quasit (D:6)
  A centaur skeleton (D:5)
  5 hounds
  10 orc wizards
  A gnoll shaman (D:10)
  8 orc priests
  A jelly (D:5)
  3 giant frog skeletons
  An iguana (D:6)
  11 worker ants
  A statue (D:6)
  A killer bee zombie (D:8)
  3 sheep (D:10)
  A hound skeleton (D:4)
  A worker ant zombie (D:6)
  19 adders
  9 gnolls
  5 shadow imps
  A white imp (D:8)
  An ooze (D:2)
  3 worms
  A dart slug (D:3)
  5 giant geckos
  51 orcs
  5 bats
  8 giant cockroaches
  9 goblins
  5 hobgoblins
  17 jackals
  21 kobolds
  7 quokkas
  10 giant newts
  A goblin zombie (D:8)
  A kobold skeleton (D:8)
  A kobold zombie (D:8)
  4 orc skeletons (D:8)
  A quokka skeleton (D:6)
  4 rats
344 creatures vanquished.

Vanquished Creatures (others)
  A quokka (D:6)
  A fungus (Orc:2)
2 creatures vanquished.

Grand Total: 346 creatures vanquished

Notes
Turn   | Place    | Note
--------------------------------------------------------------
     0 | D:1      | Krapule the Troll Hunter began the quest for the Orb.
     0 | D:1      | Reached XP level 1. HP: 19/19 MP: 0/0
    43 | D:1      | Reached XP level 2. HP: 20/27 MP: 1/1
   632 | D:2      | Reached XP level 3. HP: 35/35 MP: 2/2
   710 | D:2      | Noticed Sigmund
   786 | D:2      | Killed Sigmund
   786 | D:2      | Reached skill level 2 in Unarmed Combat
   786 | D:2      | Reached XP level 4. HP: 3/44 MP: 3/3
   786 | D:2      | Reached XP level 5. HP: 4/50 MP: 4/4
  1481 | D:3      | Reached XP level 6. HP: 55/61 MP: 5/5
  1605 | D:3      | Reached skill level 3 in Unarmed Combat
  2170 | D:4      | Noticed a slave
  2171 | D:4      | Noticed a slave
  2173 | D:4      | Noticed a slave
  2174 | D:4      | Noticed a slave
  2189 | D:4      | Killed a slave
  2199 | D:4      | Killed a slave
  2203 | D:4      | Killed a slave
  2212 | D:4      | Killed a slave
  2272 | D:4      | Reached XP level 7. HP: 53/67 MP: 6/6
  2317 | D:4      | Noticed Pikel
  2371 | D:4      | Killed Pikel
  2371 | D:4      | Reached skill level 4 in Unarmed Combat
  2371 | D:4      | Reached XP level 8. HP: 43/79 MP: 7/7
  2512 | D:4      | Reached skill level 5 in Unarmed Combat
  2551 | D:4      | Found a staircase to the Ecumenical Temple.
  2563 | Temple   | Entered the Ecumenical Temple
  2627 | Temple   | Became a worshipper of Cheibriados the Contemplative
  2668 | D:4      | Reached skill level 5 in Dodging
  2739 | D:4      | Found an ancient bone altar of Kikubaaqudgha.
  2806 | D:4      | Reached skill level 1 in Invocations
  2980 | D:5      | Entered Level 5 of the Dungeon
  3040 | D:5      | Noticed Blork the orc
  3058 | D:5      | Killed Blork the orc
  3379 | D:5      | Found a deep blue altar of Sif Muna.
  3447 | D:5      | Reached skill level 5 in Fighting
  3487 | D:5      | Found a shadowy altar of Dithmenos.
  3629 | D:6      | Reached skill level 6 in Unarmed Combat
  3666 | D:6      | Found Desaek's Weapon Shop.
  3676 | D:6      | Reached * piety under Cheibriados
  3728 | D:6      | Noticed Duvessa
  3729 | D:6      | Noticed Dowan
  3734 | D:6      | Killed Duvessa
  3738 | D:6      | Killed Dowan
  3784 | D:6      | Reached XP level 9. HP: 83/88 MP: 9/9
  3815 | D:6      | Found an oddly glowing altar of Pakellas.
  3872 | D:6      | Found a deep blue altar of Sif Muna.
  3890 | D:6      | Found a white marble altar of Elyvilon.
  4082 | D:6      | Found a runed door.
  4106 | D:6      | Found a runed door.
  4219 | D:6      | Found a radiant altar of Vehumet.
  4302 | D:6      | Found a burning altar of Makhleb.
  4309 | D:6      | Noticed Grinder
  4321 | D:6      | Killed Grinder
  4337 | D:6      | Found a shimmering altar of Xom.
  4338 | D:6      | Found a bloodstained altar of Trog.
  4340 | D:6      | Found a blossoming altar of Fedhas.
  4478 | D:6      | Reached ** piety under Cheibriados
  4748 | D:7      | Found Ixeesch's General Store.
  4759 | D:7      | Found Qoxepof's Antique Weapon Shop.
  4834 | D:7      | Reached skill level 7 in Unarmed Combat
  5041 | D:7      | Found Ilemmuk's Jewellery Boutique.
  5390 | D:7      | Reached *** piety under Cheibriados
  5766 | D:8      | Found Jaerat's Jewellery Shop.
  5769 | D:8      | Bought a +6 amulet of reflection for 300 gold pieces
  5872 | D:8      | Noticed Psyche
  5881 | D:8      | Killed Psyche
  5881 | D:8      | Reached XP level 10. HP: 97/100 MP: 12/12
  6069 | D:8      | Reached **** piety under Cheibriados
  6296 | D:8      | Found an opulent altar of Gozag.
  6360 | D:8      | Noticed Erolcha
  6379 | D:8      | Killed Erolcha
  6379 | D:8      | Reached skill level 8 in Unarmed Combat
  6379 | D:8      | Reached skill level 5 in Invocations
  6472 | D:8      | Found a glowing golden altar of the Shining One.
  6546 | D:8      | Found an iron altar of Okawaru.
  6901 | D:9      | Found a staircase to the Lair.
  6957 | D:9      | Reached ***** piety under Cheibriados
  7136 | D:9      | Found a staircase to the Orcish Mines.
  7205 | D:9      | Noticed Typee's ghost (novice OpWz)
  7235 | D:9      | Killed Typee's ghost
  7429 | D:9      | Found a glowing silver altar of Zin.
  7868 | D:10     | Entered Level 10 of the Dungeon
  7917 | D:10     | Reached XP level 11. HP: 108/109 MP: 14/14
  8115 | D:10     | Found a bloodstained altar of Trog.
  8127 | D:10     | Reached skill level 5 in Throwing
  8372 | D:10     | Noticed a hill giant
  8382 | D:10     | Killed a hill giant
  8382 | D:10     | Reached skill level 9 in Unarmed Combat
  8384 | D:10     | Reached ****** piety under Cheibriados
  8946 | Orc:1    | Entered Level 1 of the Orcish Mines
  8975 | Orc:1    | Noticed an orc sorcerer
  8979 | Orc:1    | Killed an orc sorcerer
  8987 | Orc:1    | Noticed Erica
  8999 | Orc:1    | Killed Erica
  9028 | Orc:1    | Found a roughly hewn altar of Beogh.
  9045 | Orc:1    | Found a dark tunnel.
  9343 | Orc:1    | Noticed an orc sorcerer
  9348 | Orc:1    | Killed an orc sorcerer
  9583 | Orc:2    | Entered Level 2 of the Orcish Mines
  9583 | Orc:2    | Noticed Josephine
  9614 | Orc:2    | Noticed an orc high priest
  9614 | Orc:2    | Noticed an orc knight
  9615 | Orc:2    | Noticed an orc knight
  9616 | Orc:2    | Noticed an orc high priest
  9682 | Orc:2    | Noticed an orc warlord
  9687 | Orc:2    | Noticed an orc sorcerer
  9697 | Orc:1    | Killed Josephine
  9780 | Orc:1    | Killed an orc high priest
  9820 | Orc:1    | Killed an orc knight
  9820 | Orc:1    | Reached XP level 12. HP: 31/122 MP: 16/16
  9820 | Orc:1    | HP: 3/183 [orc warrior/long sword (8)]
  9820 | Orc:1    | Demolished by an orc warrior

Skill      XL: |  1  2  3  4  5  6  7  8  9 10 11 |
---------------+----------------------------------+-----
Dodging        | 2 3 4 5 6 7 8 |  8.8
Throwing       | 4 5 |  5.0
Fighting       | 2 3 4 5 6 7 8 |  8.7
Unarmed Combat | 2 3 4 6 7 8 9 |  9.8
Invocations    | 2 4 6 7 |  7.7
Stealth        | |  0.4

Action                   |  1- 3 |  4- 6 |  7- 9 | 10-12 || total
-------------------------+-------+-------+-------+-------++-------
Melee: Unarmed           |   103 |   189 |   333 |   444 ||  1069
       Punch             |       |     5 |     7 |    34 ||    46
Throw: Large rock        |     5 |       |     1 |       ||     6
Evoke: Wand              |       |       |     3 |     5 ||     8
  Use: Scroll            |       |       |    12 |    12 ||    24
       Potion            |       |       |       |     2 ||     2
 Stab: Sleeping          |       |     3 |     5 |    10 ||    18
       Distracted        |       |     1 |     1 |     1 ||     3
  Eat: Chunk             |    13 |    12 |    30 |    31 ||    86
Armor: Robe              |    47 |    47 |    65 |    56 ||   215
       Skin              |       |       |       |    15 ||    15
Dodge: Dodged            |    77 |    75 |   182 |   310 ||   644
Block: Other             |       |       |     3 |   121 ||   124
       Reflection        |       |       |       |     8 ||     8
